 Dungeon Crawl Stone Soup version 0.17-a0-1719-g1afd5a1 (webtiles) character file.

2093 kosy22 the Chucker (level 9, -4/66 HPs)
             Began as a Formicid Fighter on Aug 28, 2015.
             Slain by a centaur (7 damage)
             ... on level 6 of the Dungeon.
             The game lasted 00:40:53 (10351 turns).

kosy22 the Chucker (Formicid Fighter)              Turns: 10351, Time: 00:40:54

Health: -4/66      AC: 16    Str: 23    XL:     9   Next: 52%
Magic:  9/9        EV: 10    Int:  9    God:
Gold:   360        SH: 10    Dex: 10    Spells: 0 memorised, 8 levels left

rFire  + + .     SeeInvis +     g - +4 short sword (protect)
rCold  x . .     Clarity  .     b - +1 scale mail
rNeg   . . .     SustAt   .     c - +0 shield
rPois  .         Gourm    .     (helmet unavailable)
rElec  .         Spirit   .     l - +0 cloak
rCorr  .         Warding  .     k - +1 pair of gloves
rMut   .         Stasis   +     (no boots)
MR     .....                    (no amulet)
Stlth  ++........               y - ring of fire
                                q - ring of protection from fire

@: not resistant to hostile enchantments, unstealthy
A: permanent stasis, dig shafts and tunnels, four strong arms, antennae 3
a: Dig, Shaft Self


You were on level 6 of the Dungeon.
You were not hungry.

You visited 1 branch of the dungeon, and saw 6 of its levels.

You collected 360 gold pieces.

Inventory:

Hand weapons
 a - a +0 rapier
 f - a +3 dagger
 g - a +4 short sword of protection (weapon)
 p - a +0 quarterstaff
 s - a cursed -3 flail
 x - a +0 scythe
 D - a +1 dagger of freezing
Missiles
 i - 185 stones (quivered)
 t - 3 poisoned tomahawks
Armour
 b - a +1 scale mail (worn)
 c - a +0 shield (worn)
 k - a +1 pair of gloves (worn)
 l - a +0 cloak (worn)
Jewellery
 q - a ring of protection from fire (left hand)
 u - an uncursed ring of fire
 y - a ring of fire (right hand)
Scrolls
 e - a scroll of identify
 v - 2 scrolls of teleportation
 A - a scroll of remove curse
Potions
 h - 3 potions of mutation
 m - 2 potions of lignification {unknown}
 n - a potion of heal wounds {unknown}
 r - 2 potions of poison {unknown}
 B - a potion of curing {unknown}
 C - a potion of agility {unknown}
Comestibles
 d - a bread ration
 o - a royal jelly
 w - a meat ration
 E - a fruit


   Skills:
 - Level 4.6 Fighting
 - Level 3.0 Short Blades
 + Level 6.8 Throwing
 - Level 4.7 Armour
 - Level 3.0 Dodging
 - Level 5.9 Stealth
 - Level 5.8 Shields


You had 8 spell levels left.
You didn't know any spells.

Dungeon Overview and Level Annotations

Branches:
Dungeon (6/15)             Temple (0/1) D:4

Altars:
Elyvilon
Makhleb
Okawaru
Trog
The Shining One

Annotations:
D:6 Eustachio


Innate Abilities, Weirdness & Mutations

You are under a permanent stasis effect.
You can dig through walls and to a lower floor.
Your four strong arms can wield two-handed weapons with a shield.
You have a pair of large antennae on your head (SInv).


Message History

* * * LOW HITPOINT WARNING * * *
You hit Menkaure.
Menkaure is heavily damaged.
You block the centaur's attack. You block Menkaure's attack.
The centaur closely misses you.
You hit Menkaure but do no damage.
Menkaure is heavily damaged.
You block the centaur's attack. Menkaure hits you but does no damage.
You puncture Menkaure!
You destroy Menkaure!
The centaur hits you.
* * * LOW HITPOINT WARNING * * *
The centaur hits you.
* * * LOW HITPOINT WARNING * * *
The centaur hits you.
* * * LOW HITPOINT WARNING * * *
Found a scroll of teleportation.
The centaur hits you but does no damage.
The centaur hits you!
You die...

##.#?..^ #..
##....... ..
##........ #?#
##......... #..
####..##......
#..#
##.#..###......
#..###..(..#
#######
#......((.##
#..@..(.(..#
#..##c.......#
#.. ##.......(#
#. #####.....#
#. ###..## #
#.# ##


You could see a centaur.

Vanquished Creatures
  Sigmund (D:3)
  Menkaure (D:6)
  2 black bears (D:4)
  6 ogres
  2 sky beasts
  2 centaurs
  2 giant frogs (D:6)
  A water moccasin zombie (D:5)
  A scorpion (D:6)
  4 orc wizards (D:4)
  A hound (D:4)
  2 jellies (D:5)
  An orc priest (D:4)
  Jessica (D:3)
  2 giant frog skeletons
  2 iguanas
  3 worker ants
  A mummy (D:4)
  A gnoll (D:4)
  A worker ant zombie (D:6)
  6 adders
  A shadow imp (D:5)
  An ooze (D:2)
  3 adder skeletons
  An adder zombie (D:6)
  A worm (D:5)
  4 giant geckos
  8 orcs
  2 giant cockroaches (D:1)
  2 goblins
  9 hobgoblins
  2 quokkas (D:3)
  3 ball pythons
  8 bats
  4 giant gecko skeletons
  4 giant newts
  2 hobgoblin zombies (D:4)
  11 jackals
  5 kobolds
  2 orc zombies (D:4)
  5 rats
121 creatures vanquished.

Vanquished Creatures (others)
  An orc (D:4)
1 creature vanquished.

Grand Total: 122 creatures vanquished

Notes
Turn   | Place    | Note
--------------------------------------------------------------
     0 | D:1      | kosy22 the Formicid Fighter began the quest for the Orb.
     0 | D:1      | Reached XP level 1. HP: 18/18 MP: 1/1
   345 | D:1      | Reached XP level 2. HP: 10/24 MP: 2/2
   682 | D:1      | Reached skill level 4 in Shields
  1240 | D:1      | Reached XP level 3. HP: 26/30 MP: 3/3
  1821 | D:2      | Reached skill level 1 in Dodging
  2398 | D:2      | Found a white marble altar of Elyvilon.
  2409 | D:2      | Reached XP level 4. HP: 34/37 MP: 4/4
  2480 | D:2      | Found a faded altar to an unknown god.
  3311 | D:3      | Noticed Sigmund
  3328 | D:3      | Killed Sigmund
  3328 | D:3      | Reached skill level 5 in Shields
  3328 | D:3      | Reached XP level 5. HP: 40/42 MP: 5/5
  3328 | D:3      | Reached XP level 6. HP: 45/48 MP: 6/6
  3560 | D:3      | Noticed Jessica
  3568 | D:3      | Killed Jessica
  4234 | D:4      | Reached XP level 7. HP: 29/55 MP: 7/7
  4703 | D:4      | Reached skill level 1 in Stealth
  5106 | D:4      | Noticed a black bear
  5124 | D:4      | Killed a black bear
  5411 | D:4      | Found an iron altar of Okawaru.
  5411 | D:4      | Found a bloodstained altar of Trog.
  5542 | D:4      | Reached skill level 5 in Stealth
  5542 | D:4      | Reached XP level 8. HP: 52/61 MP: 8/8
  5572 | D:4      | Found a staircase to the Ecumenical Temple.
  6557 | D:4      | Reached skill level 1 in Throwing
  6796 | D:5      | Entered Level 5 of the Dungeon
  7036 | D:5      | Found a glowing golden altar of the Shining One.
  7442 | D:5      | Found a burning altar of Makhleb.
  7442 | D:5      | Noticed an Executioner
  7446 | D:5      | Noticed a hellwing
  7979 | D:5      | Reached XP level 9. HP: 41/66 MP: 9/9
  8564 | D:5      | Reached skill level 5 in Throwing
  8579 | D:6      | Noticed Eustachio
  8685 | D:6      | HP: 3/66 [ufetubus[Eustachio] (1)]
  9898 | D:6      | Reached skill level 6 in Throwing
 10335 | D:6      | Noticed Menkaure
 10349 | D:6      | Killed Menkaure
 10350 | D:6      | HP: 3/66 [centaur (4)]
 10351 | D:6      | Slain by a centaur

Vault maps used:
D:1:      eino_arrival_druids_welcome
D:2:      ashenzari_altar_1, fedhas_altar_1, elyvilon_altar_5,
          ecumenical_altar_2, first_bread, lemuel_tele_altar
D:3:      uniq_jessica, uniq_sigmund
D:4:      grunt_temple_overflow_bloody_war, minmay_temple_entry_trees,
          minmay_mini_ossuary
D:5:      nicolae_tso_carved_into_rock, makhleb_altar_promises_db,
          hangedman_decor_points
D:6:      uniq_menkaure, uniq_pikel, uniq_eustachio

Action                   |  1- 3 |  4- 6 |  7- 9 || total
-------------------------+-------+-------+-------++-------
Melee: Rapier            |    91 |       |       ||    91
       Short sword       |   230 |   148 |   529 ||   907
Throw: Stone             |       |       |    12 ||    12
  Use: Scroll            |       |     2 |    12 ||    14
       Potion            |       |     3 |     3 ||     6
  Eat: Bread ration      |     1 |       |     2 ||     3
       Chunk             |       |     3 |     3 ||     6
       Fruit             |       |     3 |     2 ||     5
       Meat ration       |       |     1 |       ||     1
       Pizza             |       |       |     1 ||     1
       Beef jerky        |       |       |     1 ||     1
